Map: Port Aleksander LE

Players

Solar

  • Race: Zerg Zerg
  • Spawn Location: 11:00

Serral - Winner!

  • Race: Zerg Zerg
  • Spawn Location: 5:00

Event: IEM Season 13: Katowice (2019)

VOD

Have the link to the VOD?

Description

Time

  • Played on: March 1, 2019, 5:50 a.m.
  • Length: 4:35

All games in this series

Show
View Real Time Build Order
Export as new Build Order

Solar Zerg 

Build Orders: Hatch First, Roach Nydus 

Get SALT Encoding   

  12  0:01  Drone  
  13  0:12  Overlord  
  13  0:18  Drone  
  14  0:31  Drone  
  14  0:32  Drone  
  16  0:49  Hatchery  
  15  0:52  Drone  
  15  0:56  Drone  
  17  0:59  Drone  
  18  1:08  Extractor  
  17  1:15  Spawning Pool  
  16  1:18  Drone  
  16  1:22  Drone  
  18  1:29  Drone  
  19  1:40  Drone  
  20  1:51  Overlord  
  20  2:02  Queen  
  20  2:05  Drone x2  
  26  2:14  Drone x2  
  26  2:15  Lair  
  26  2:22  Drone  
  27  2:25  Drone  
  27  2:29  Extractor  
  27  2:32  Zergling x2  
  27  2:33  Drone  
  29  2:37  Queen  
  29  2:43  Roach Warren  
  30  2:44  Drone x2  
  30  2:50  Evolution Chamber  
  31  3:00  Drone  
  31  3:03  Overlord  
  32  3:14  Nydus Network  
  31  3:25  Roach  
  31  3:26  Roach x4  
  41  3:31  Overlord  
  41  3:38  Roach  
  43  3:51  Nydus Canal  
  43  3:52  Roach x2  
  43  3:53  Roach  
  49  3:55  Overlord  
  49  3:58  Roach  
  51  4:03  Overlord  
  51  4:14  Roach x2  
  51  4:15  Roach  
Show
View Real Time Build Order
Export as new Build Order

Serral Zerg - Winner!

Build Orders: Hatch First 

Get SALT Encoding   

  12  0:00  Drone  
  13  0:12  Overlord  
  13  0:18  Drone  
  14  0:31  Drone x2  
  16  0:49  Hatchery  
  15  0:53  Drone  
  15  0:56  Drone  
  17  0:59  Drone  
  18  1:10  Extractor  
  17  1:15  Spawning Pool  
  17  1:18  Drone  
  17  1:21  Drone  
  18  1:29  Drone  
  19  1:39  Drone  
  20  1:49  Drone  
  21  2:00  Overlord  
  21  2:01  Queen x2  
  21  2:03  Zergling x2  
  26  2:10  Metabolic Boost  
  26  2:11  Drone  
  26  2:14  Drone  
  28  2:22  Drone x2  
  30  2:36  Hatchery  
  29  2:39  Drone  
  29  2:41  Drone  
  31  2:48  Overlord  
  31  2:50  Drone  
  32  2:55  Drone x2  
  34  3:10  Drone  
  34  3:11  Drone x2  
  37  3:13  Roach Warren  
  37  3:14  Zergling x6  
  37  3:18  Overlord  
  39  3:25  Zergling x6  
  42  3:32  Queen  
  44  3:34  Overlord  
  44  3:37  Zergling x2  
  44  3:42  Zergling x6  
  47  3:50  Zergling x8  
  51  3:57  Zergling x4  
  51  3:59  Zergling x2  
  54  4:03  Roach  
  54  4:08  Roach  
  58  4:11  Roach  
  59  4:35  Evolution Chamber  

Tags
 
Add a new tag
Caveats
  • Supply blocks, unpowered buildings, or Contaminate may cause inaccurate times.
  • Supply counts are checked every 10 seconds.